 Dungeon Crawl Stone Soup version 0.29.0-5-ge4962eb29e (webtiles) character file.

Game seed: 10562009293908699614

132 unlimited1921 the Magician (level 5, -5/35 HPs)
             Began as a Djinni Fire Elementalist on Aug 30, 2022.
             Slain by a gnoll
             ... wielding a +0 halberd
              (12 damage)
             ... on level 3 of the Dungeon.
             The game lasted 00:09:07 (3337 turns).

unlimited1921 the Magician (DjFE)                   Turns: 3337, Time: 00:09:07

Health: -5/35      AC:  3    Str:  7    XL:     5   Next: 38%
Gold:   141        EV: 11    Int: 18    God:
                   SH:  0    Dex: 14

rFire   + + .      SeeInvis .   g - +0 trident
rCold   x . .      Faith    .   (no shield)
rNeg    . . .      Spirit   .   l - +0 leather armour
rPois   ∞          Reflect  .   (no helmet)
rElec   .          Harm     .   (no cloak)
rCorr   .          Rampage  .   (no gloves)
Will    .....                   (boots unavailable)
Stlth   ++........              (no amulet)
HPRegen 0.11/turn               (no ring)
MPRegen 0.00/turn               (no ring)

@: flying
A: sickness immunity, fire resistance 2, cold vulnerability 1, float, innate
caster, HP casting, extra vitality 1
a: no special abilities


You were on level 3 of the Dungeon.
You visited 1 branch of the dungeon, and saw 3 of its levels.

You collected 141 gold pieces.

Inventory:

Hand Weapons
 d - a +0 short sword
 g - a +0 trident (weapon)
Missiles
 c - 38 stones
 k - 2 boomerangs
 q - 3 poisoned darts
Armour
 a - a +0 robe
 l - a +0 leather armour (worn)
Scrolls
 b - a scroll of fear {unknown}
 h - 2 scrolls of silence {unknown}
 i - 2 scrolls of identify {unknown}
 j - a scroll of amnesia {unknown}
 m - a scroll of acquirement {unknown}
 o - a scroll of butterflies {unknown}
Potions
 e - a potion of might {unknown}
 f - a potion of flight {unknown}
 n - a potion of curing {unknown}
 p - a potion of magic {unknown}


   Skills:
 + Level 0.8 Armour
 + Level 2.4 Dodging
 + Level 2.1 Stealth
 + Level 4.0 Spellcasting


You couldn't memorise any spells.
You knew the following spells:

 Your Spells              Type           Power      Damage    Failure   Level
a - Foxfire               Conj/Fire      72%        2x1d7     4%          1
b - Scorch                Fire           36%        2d7       6%          2
c - Conjure Flame         Conj/Fire      18%        6-21      12%         3
d - Inner Flame           Hex/Fire       18%        N/A       12%         3
e - Flame Wave            Conj/Fire      18%        2d7       36%         4
f - Freeze                Ice            72%        1d9       4%          1
g - Ensorcelled Hibernat  Hex/Ice        36%        N/A       6%          2
Your spell library was empty.

Dungeon Overview and Level Annotations

Branches:
Dungeon (2/15)

Altars:


Innate Abilities, Weirdness & Mutations

You are immune to sickness and miasma.
You are immune to poison.
Your flesh is very heat resistant. (rF++)
You are vulnerable to cold. (rC-)
You float through the air rather than walking.
You learn spells naturally, not from books.
Your magical power is your life essence.
You have superior vitality. (+4 MHP)


Message History

Casting: Foxfire (safe; 4% risk of failure)
Confirm with . or Enter, or press ? or * to list all spells.
You conjure some foxfire!
The foxfire hits the gnoll but does no damage.
The gnoll is lightly wounded.
Your foxfire dissipates!
Casting: Foxfire (safe; 4% risk of failure)
Confirm with . or Enter, or press ? or * to list all spells.
You conjure some foxfire!
The gnoll barely misses you. The gnoll hits you but does no damage.
Your foxfire dissipates!
The foxfire hits the gnoll but does no damage.
Casting: Foxfire (safe; 4% risk of failure)
Confirm with . or Enter, or press ? or * to list all spells.
You conjure some foxfire!
The gnoll closely misses you.
Your foxfire dissipates!
The foxfire hits the gnoll.
The gnoll is severely wounded.
Casting: Foxfire (safe; 4% risk of failure)
Confirm with . or Enter, or press ? or * to list all spells.
You conjure some foxfire!
The gnoll closely misses you. The gnoll hits you with a +0 club.
Your foxfire dissipates!
The foxfire hits the gnoll.
You kill the gnoll!
Casting: Foxfire (safe; 4% risk of failure)
Confirm with . or Enter, or press ? or * to list all spells.
Flames lash the gnoll.
The gnoll is heavily wounded.
The gnoll's fire resistance burns away.
The gnoll misses you.
Casting: Scorch (safe; 6% risk of failure)
Confirm with . or Enter, or press ? or * to list all spells.
Flames lash the gnoll.
The gnoll is heavily wounded.
The gnoll's fire resistance burns away.
* * * LOW HITPOINT WARNING * * *
The gnoll hits you from afar with a +0 halberd.
* * * LOW HITPOINT WARNING * * *
The gnoll hits you from afar with a +0 halberd!
You die...

#.#.# #.#.#
#.#.#
####.#.####.#
#...........#
#.####.######
.. #.########
## #........#
#@.#####.#
#..#####.#
#..gg.##.#
#[.##.##.#
#..##.##.#
#........#
#.###g####
#.# #.# #.#
#.#


You could see 2 gnolls.

Vanquished Creatures
  4 gnolls
  3 adders
  A white imp (D:3)
  4 worms (D:2)
  4 endoplasms (D:1)
  3 giant cockroaches (D:1)
  5 goblins
  2 hobgoblins (D:2)
  5 jackals (D:1)
  4 kobolds
  A quokka (D:3)
  A ball python (D:2)
  3 bats (D:1)
  5 frilled lizards
  3 rats
48 creatures vanquished.

Vanquished Creatures (collateral kills)
  A foxfire (D:1)
1 creature vanquished.

Vanquished Creatures (others)
  115 foxfires
  3 fungi (D:1)
  6 toadstools (D:1)
124 creatures vanquished.

Grand Total: 173 creatures vanquished

Notes
Turn   | Place    | Note
-------+----------+-------------------------------------------
     0 | D:1      | unlimited1921 the Djinni Fire Elementalist began the quest
                  | for the Orb.
     0 | D:1      | unlimited1921 set off with the following spells memorised:
                  | Foxfire, Scorch, Conjure Flame, Inner Flame, Flame Wave.
     0 | D:1      | Reached XP level 1. HP: 15/15 MP: 0/0
   282 | D:1      | Reached XP level 2. HP: 15/21 MP: 0/0
   747 | D:1      | Reached skill level 3 in Spellcasting
   777 | D:1      | Reached XP level 3. HP: 24/25 MP: 0/0
   777 | D:1      | Learned a level 1 spell: Freeze
  1470 | D:1      | Found a faded altar of an unknown god.
  2359 | D:2      | Reached XP level 4. HP: 10/31 MP: 0/0
  2808 | D:2      | Reached XP level 5. HP: 21/35 MP: 0/0
  2808 | D:2      | Learned a level 2 spell: Ensorcelled Hibernation
  3059 | D:2      | You are sucked into a shaft and drop 1 floor!
  3322 | D:3      | Reached skill level 4 in Spellcasting
  3337 | D:3      | Slain by a gnoll

Illustrated notes

Levels and vault maps discovered:
D:1:      dpeg_arrival_leaves_temple_mockup, layout_basic,
          shapermc_ecumenical_altar_mp_vishouse, minmay_gold_behind_fungi,
          hangedman_glass_teeth
D:2:      layout_basic, dk_noncrumbling_2, nicolae_wormholes
D:3:      layout_loops_ring

Skill      XL: |  1  2  3  4  5 |
---------------+----------------+-----
Spellcasting   | 3 4 |  4.0
Stealth        | 2 |  2.1
Armour         | |  0.8
Dodging        | |  2.4

Action                   |  1- 3 |  4- 6 || total
-------------------------+-------+-------++-------
Melee: Trident           |    14 |       ||    14
 Cast: Foxfire           |    53 |    23 ||    76
       Scorch            |     8 |    16 ||    24
       Freeze            |       |     1 ||     1
       Ensorcelled Hiber |       |     1 ||     1
       Inner Flame       |       |     1 ||     1
 Stab: Sleeping          |     1 |       ||     1
Armor: Robe              |     3 |       ||     3
       Leather armour    |       |     2 ||     2
Dodge: Dodged            |     5 |    13 ||    18
